AoeStats
← Hambo XV

Black Forest

503796016Analyzed
1v1 RM · 1mo ago on Sep 2, 2026· 28m 51s· 2 players
Game mode
Random Map
Map size
Tiny (2 player)
Population
200
Speed
Normal
Resources
Standard
Victory
Conquest
Starting age
Dark Age
Ending age
Imperial Age
RankedLock teamsTeams togetherTeam positionsShared explorationLock speedFull tech treeHidden civsTurbo modeCheats
Victory
Defeat
🇬🇧 Goths · United Kingdom
951
+16
🇨🇳 Turks · China
952
-16
Hambo XV
1:25 Loom
13:02 Feudal Age
13:24 Man-at-Arms
15:29 Scale Mail Armor
15:41 Double-Bit Axe
17:09 Horse Collar
24:25 Forging
MUCI
4:03 Loom
7:49 Loom
11:15 Feudal Age
11:18 Man-at-Arms
14:12 Horse Collar
20:53 Castle Age
21:34 Bloodlines
22:58 Wheelbarrow
Connection lost

Rejoining the realm…

Still unreachable

The connection could not be restored.

Session expired

The server has moved on; the page needs a fresh start.